 Dungeon Crawl Stone Soup version 0.16-a0-3641-g71d4c1b (webtiles) character file.

157816 chadenator the Brilliant (level 16, -7/171 HPs)
             Began as a Troll Monk on June 28, 2015.
             Was a High Priest of Pakellas.
             Mangled by a vampire mosquito (9 damage)
             ... on level 1 of the Vaults on July 3, 2015.
             The game lasted 02:47:58 (31027 turns).

chadenator the Brilliant (Troll Monk)              Turns: 31027, Time: 02:47:58

Health: -7/171     AC: 13    Str: 27    XL:     16   Next: 85%
Magic:  18/31      EV:  8    Int:  6    God:    Pakellas [*****.]
Gold:   2468       SH: 13    Dex: 17    Spells: 0 memorised, 15 levels left

rFire  + + .     SeeInvis .     D - +1 mace of Supply {freeze, +Blink +Fly}
rCold  x . .     Clarity  .     x - +0 fire dragon armour
rNeg   . . .     SustAb   .     B - +0 large shield (curse)
rPois  +         Gourm    +     (helmet restricted)
rElec  .         Spirit   .     F - +1 cloak
rCorr  .         Warding  .     (gloves unavailable)
rMut   .         Stasis   .     (boots unavailable)
MR     +....                    Q - amulet of faith
Stlth  ..........               z - ring of teleport control
                                M - +4 ring of evasion

@: somewhat resistant to hostile enchantments, extremely unstealthy
A: unfitting armour, claws 3, agile 1, fast metabolism 3, gourmand, poison
resistance, regeneration 2, shaggy fur 1, strong 1, tough skin 2
a: Minor Device Surge, Quick Charge, Device Surge, Major Device Surge, Renounce
Religion, Evoke Blink, Evoke Flight, Evoke Teleport Control
}: 1/15 runes: serpentine


You were on level 1 of the Vaults.
You worshipped Pakellas.
Pakellas was extremely pleased with you.
You were not hungry.

You visited 6 branches of the dungeon, and saw 33 of its levels.
You also visited: Ossuary and Volcano.

You collected 3000 gold pieces.
You spent 532 gold pieces at shops.

Inventory:

Hand weapons
 D - the +1 mace of Supply (weapon) {freeze, +Blink +Fly}
   (You found it on level 2 of the Snake Pit)

   It has been specially enchanted to freeze those struck by it, causing extra
   injury to most foes and up to half again as much damage against particularly
   susceptible opponents.
   It can also slow down cold-blooded creatures.
   It lets you fly.
   It lets you blink.
Missiles
 n - 9 large rocks (quivered)
Armour
 x - a +0 fire dragon armour (worn)
 B - a cursed +0 large shield (worn)
 F - a +1 cloak (worn)
Rods
 b - a +9 rod of clouds (3/13)
   (Pakellas gifted it to you on level 8 of the Dungeon)
 u - a +2 rod of the swarm (9/9)
   (You found it on level 8 of the Lair of Beasts)
 v - a +4 iron rod (3/9)
   (Pakellas gifted it to you on level 3 of the Lair of Beasts)
 V - a +5 rod of inaccuracy (13/13)
   (Pakellas gifted it to you on level 1 of the Vaults)
 Y - a +9 rod of destruction (4/15)
   (Pakellas gifted it to you on level 11 of the Dungeon)
Jewellery
 e - an uncursed ring of protection from magic
 t - a cursed ring of protection from fire
 z - a ring of teleport control (right claw)
 J - an uncursed ring of poison resistance
 M - a +4 ring of evasion (left claw)
 Q - an amulet of faith (around neck)
 U - an uncursed amulet of resist mutation {unknown}
Magical devices
 k - a wand of disintegration (16)
 p - a wand of teleportation (5)
 N - a wand of draining (1)
 W - a wand of enslavement (8)
Scrolls
 c - 3 scrolls of enchant armour
 d - 16 scrolls of remove curse
 h - 7 scrolls of fear
 s - 4 scrolls of summoning
 y - 4 scrolls of enchant weapon
 C - 2 scrolls of blinking
 E - 9 scrolls of teleportation
 G - a scroll of magic mapping
 R - 2 scrolls of silence
Potions
 a - a potion of cure mutation
 i - a potion of cancellation
 q - 8 potions of agility
 r - 3 potions of haste
 A - 3 potions of curing
 K - a potion of berserk rage {unknown}
 L - 4 potions of might
 O - a potion of degeneration {unknown}
 S - 2 potions of restore abilities {unknown}
 Z - 3 potions of resistance {unknown}
Miscellaneous
 j - a phantom mirror
 m - a plain deck of defence {the Potion}
 o - a box of beasts {used: 2}
 w - an ornate deck of destruction
 H - a sack of spiders {used: 3}
 T - a phial of floods
 X - a plain deck of changes {drawn: 1}
Comestibles
 f - 3 slices of pizza
 g - a royal jelly
 l - 13 meat rations
 I - 7 beef jerkies
 P - 8 bread rations


   Skills:
 + Level 13.8 Fighting
 - Level 2.4 Dodging
 - Level 1.1 Stealth
 + Level 16.1 Unarmed Combat
 * Level 16.7 Evocations


You had 15 spell levels left.
You didn't know any spells.

Dungeon Overview and Level Annotations

Branches:
Dungeon (14/15)            Temple (0/1) D:4            Lair (8/8) D:11
 Shoals (1/5) Lair:3        Snake (5/5) Lair:5        Slime (0/6) Lair:8
    Orc (4/4) D:12            Elf (0/3) Orc:4        Vaults (1/5) D:13

Altars:
Dithmenos
Elyvilon
Nemelex Xobeh
Pakellas
Ru
Sif Muna
Trog
Vehumet
Xom
Zin
The Shining One
Beogh
Jiyva

Shops:
D:6 %*   D:12 [   Orc:2 %   Orc:4 }*(!

Portals:
Pandemonium: Orc:4

Annotations:
D:14 Kirke


Innate Abilities, Weirdness & Mutations

You are too large for most types of armour.
You have claws for hands.
Your metabolism is lightning-fast.
You like to eat raw meat.
You heal very quickly.
You are covered in fur (AC +1).
You have very tough skin (AC +2).
You are agile. (Dex +2)
Your system is resistant to poisons.
Your muscles are strong. (Str +2)


Message History

Read which item? (? for menu, Esc to quit)
Okay, then.
Evoke which item? (* to show all) (? for menu, Esc to quit)
Okay, then.
Use which ability? (? or * to list) Surge which item? (* to show all) (? for menu, Esc to quit)
Zapping:
k - a wand of disintegration (17)
Press: ? - help, Shift-Dir - straight line, f - boulder beetle, p - vampire mosquito
Aim: a boulder beetle (flame, severely wounded, rolling, chance 92%)
You feel a strong surge of power!
The boulder beetle is blasted.
You blow up the boulder beetle!
Pakellas accepts your kill.
You feel your power returning.
This wand has 16 charges left.
You feel somewhat more hungry.
Use which ability? (? or * to list)
You blink.
You feel slightly more hungry.
You are engulfed in roaring flames.
You resist.
* * * LOW HITPOINT WARNING * * *
The vampire mosquito bites you!
You die...

# ##+#### # #......# # #......#
# #......# # #########......# #
#§§§§§§.+......# #
#§§§§§#§+......# #
#.#§#.@.#......# ### ..
#y#.#......# #.. ...
#§§§+......# #.. ###
#####......# #..
##########......# #..
#.......######'#######..
#.......#............#..
#.......'............'.. #
########.......#............#..


You could see a vampire mosquito.

Vanquished Creatures
  A sphinx (Vaults:1)
  A vault warden (Vaults:1)
  2 stone giants (Vaults:1)
  An ironheart preserver (Vaults:1)
  A very ugly thing (Vaults:1)
  A deep elf demonologist (Vaults:1)
  A fire dragon (Volcano)
  2 yaktaur captains (Vaults:1)
  6 naga warriors
  6 hydras
  2 ogre magi (Vaults:1)
  2 anacondas
  A centaur warrior (Vaults:1)
  6 death yaks (Lair:3)
  5 orc high priests (Orc:4)
  5 shock serpents
  A soul eater (Lair:6)
  A catoblepas (Lair:7)
  A deep elf knight (Vaults:1)
  4 salamander mystics
  An ice devil (Orc:4)
  2 fire crabs (Vaults:1)
  2 sea snakes (Shoals:1)
  A deep elf summoner (Vaults:1)
  A flayed ghost (Vaults:1)
  3 naga ritualists
  A gelid demonspawn (Orc:4)
  3 ironbrand convokers (Vaults:1)
  6 mana vipers
  8 hill giants
  A wolf spider (Vaults:1)
  8 ugly things
  A deep elf conjurer (Orc:4)
  A manticore (D:12)
  4 orc sorcerers
  5 griffons
  3 fauns (Shoals:1)
  8 orc knights
  A water nymph (Shoals:1)
  2 cyclopes (D:12)
  2 sirens (Shoals:1)
  8 elephants (Lair:8)
  22 spiny frogs
  7 salamanders
  2 sixfirhies (Orc:4)
  16 black mambas
  A rust devil (Orc:4)
  A guardian serpent (Snake:4)
  5 naga magi
  A molten gargoyle (Volcano)
  2 gargoyles
  2 kobold demonologists (D:11)
  10 komodo dragons
  10 yaktaurs (Vaults:1)
  2 orange demons (Orc:4)
  6 vault sentinels (Vaults:1)
  3 fire drakes
  An efreet (D:13)
  A deep elf priest (Vaults:1)
  5 two-headed ogres
  A blue devil (Orc:4)
  A polar bear (Lair:4)
  A freezing wraith (Vaults:1)
  A merfolk (Shoals:1)
  2 giant leeches (Lair:8)
  Prince Ribbit (D:5)
  6 trolls
  7 slime creatures (Vaults:1)
  26 blink frogs
  2 boulder beetles (Vaults:1)
  3 basilisks
  A snapping turtle (Shoals:1)
  2 vampires
  2 deep elf magi
  2 wyverns (D:11)
  A shadow (D:13)
  11 hippogriffs
  61 yaks
  A hungry ghost (D:8)
  Eustachio (D:5)
  A deep elf fighter (Vaults:1)
  A hog (D:9)
  4 fire bats (Volcano)
  A steam dragon (Lair:4)
  2 vampire mosquitoes (Lair:8)
  A human (D:9)
  The ghost of vdate the Sneak, an average OpMo (Ossuary)
  A hill giant zombie (D:12)
  19 wargs
  Edmund (D:7)
  Menkaure (D:7)
  A soldier ant (D:13)
  18 porcupines
  14 nagas
  8 wolves (Lair:1)
  4 mottled dragons
  21 water moccasins
  4 black bears
  4 sky beasts
  4 eyes of draining
  30 orc warriors
  2 phantoms (D:12)
  9 centaurs
  16 ogres
  3 boggarts (D:11)
  An eye of draining (shapeshifter) (D:13)
  4 big kobolds
  3 boring beetles
  Duvessa (D:7)
  A gnoll sergeant (D:10)
  30 giant frogs
  14 crocodiles
  Blork the orc (D:5)
  A wyvern zombie (D:7)
  8 killer bees
  17 scorpions
  6 electric eels
  12 wights
  2 quasits
  Dowan (D:7)
  4 goliath beetles
  10 hounds
  30 orc priests
  2 giant frog zombies
  2 lava snakes (Volcano)
  18 orc wizards
  5 centaur zombies
  4 centaur skeletons
  5 crimson imps
  3 human zombies (Ossuary)
  15 iguanas
  A giant frog skeleton (D:13)
  11 worker ants
  33 sheep
  Ijyb (D:2)
  7 ogre zombies (D:12)
  2 big kobold zombies (Ossuary)
  3 mummies (Ossuary)
  A worker ant zombie (D:10)
  4 scorpion zombies (Ossuary)
  11 gnolls
  23 river rats
  26 adders
  4 giant mites
  3 worms
  2 adder skeletons
  An adder zombie (D:10)
  3 giant geckos
  4 oozes
  154 orcs
  27 bats
  A bat skeleton (D:7)
  9 giant cockroaches
  A gnoll zombie (Ossuary)
  13 goblins
  22 hobgoblins
  11 jackals
  28 kobolds
  12 quokkas
  8 giant newts
  A hobgoblin skeleton (D:12)
  2 hobgoblin zombies (D:12)
  2 kobold zombies (Ossuary)
  2 orc skeletons (D:12)
  20 orc zombies
  A quokka skeleton (D:5)
  18 rats
  4 ballistomycetes
  2 butterflies
  4 fungi
  18 plants
1223 creatures vanquished.

Vanquished Creatures (collateral kills)
  A frost giant (Vaults:1)
  An ogre mage (Vaults:1)
  3 orc high priests (Orc:4)
  A gelid demonspawn (Orc:4)
  A torturous demonspawn (Orc:4)
  An orc knight (Orc:4)
  An orc sorcerer (Orc:4)
  2 naga magi
  2 black mambas (Snake:5)
  A cyclops (Orc:3)
  A rust devil (Orc:4)
  A smoke demon (Orc:4)
  A spiny frog (Lair:8)
  A slime creature (Vaults:1)
  A red devil (Orc:4)
  A shadow (D:12)
  A hippogriff (Lair:2)
  A water moccasin (Lair:2)
  An orc warrior (Orc:4)
  A crocodile (Lair:2)
  A giant frog (Lair:2)
  A scorpion (Orc:4)
  A hound (Lair:2)
  A giant frog skeleton (D:12)
  2 orc priests
  An adder (Lair:2)
  4 river rats (Lair:2)
  7 orcs
  A hobgoblin (Orc:4)
  2 goblins (Orc:4)
45 creatures vanquished.

Vanquished Creatures (others)
  A vault warden (Vaults:1)
  2 ghost moths (Snake:5)
  A vault guard (Vaults:1)
  An orb spider (Snake:5)
  A wolf spider (Snake:5)
  A blink frog (Lair:8)
  A trapdoor spider (Lair:2)
  2 redbacks
  A tarantella (Snake:5)
  2 vampire mosquitoes
  3 spiders
  4 wasps
  A giant frog (Lair:8)
  9 killer bees
  4 scorpions
  A goliath beetle (Orc:4)
  9 worker ants
  2 worms
  An orc (D:10)
  2 giant spores
  A hobgoblin zombie (Ossuary)
  An orc zombie (Orc:3)
  3 butterflies
  22 fungi
  9 plants
85 creatures vanquished.

Grand Total: 1353 creatures vanquished

Notes
Turn   | Place    | Note
--------------------------------------------------------------
     0 | D:1      | chadenator, the Troll Monk, began the quest for the Orb.
     0 | D:1      | Reached XP level 1. HP: 22/22 MP: 1/1
    80 | D:1      | Reached XP level 2. HP: 23/29 MP: 1/1
   659 | D:1      | Reached XP level 3. HP: 36/36 MP: 2/2
   904 | D:2      | Noticed Ijyb
   919 | D:2      | Killed Ijyb
   972 | D:2      | Reached XP level 4. HP: 40/45 MP: 2/2
  1024 | D:2      | Reached skill level 5 in Unarmed Combat
  1644 | D:3      | Reached XP level 5. HP: 41/54 MP: 2/2
  2256 | D:4      | Found a sand-covered staircase.
  2287 | Ossuary  | Entered an ossuary
  2412 | Ossuary  | Reached skill level 6 in Unarmed Combat
  2412 | Ossuary  | Reached XP level 6. HP: 48/62 MP: 3/3
  2508 | Ossuary  | Noticed vdate's ghost (average OpMo)
  2553 | Ossuary  | Killed vdate's ghost
  2553 | Ossuary  | Reached skill level 5 in Fighting
  2553 | Ossuary  | Reached XP level 7. HP: 28/72 MP: 3/3
  2592 | Ossuary  | Reached skill level 7 in Unarmed Combat
  2814 | Ossuary  | Reached XP level 8. HP: 60/83 MP: 3/3
  2849 | Ossuary  | Reached skill level 8 in Unarmed Combat
  3096 | D:4      | Found an oddly glowing altar of Pakellas.
  3106 | D:4      | Became a worshipper of Pakellas the Inventive
  3106 | D:4      | Acquired Pakellas' first power
  3106 | D:4      | Acquired Pakellas' second power
  3116 | D:4      | Identified A Beginning Course on Spellcraft
  3163 | D:4      | Found a staircase to the Ecumenical Temple.
  3286 | D:4      | Found a radiant altar of Vehumet.
  3350 | D:4      | Reached skill level 1 in Evocations
  3838 | D:5      | Entered Level 5 of the Dungeon
  3838 | D:5      | Noticed Eustachio
  3859 | D:5      | Killed Eustachio
  4018 | D:5      | Found a sparkling altar of Nemelex Xobeh.
  4116 | D:5      | Noticed Blork the orc
  4122 | D:5      | Killed Blork the orc
  4122 | D:5      | Acquired Pakellas' third power
  4240 | D:5      | Noticed Prince Ribbit
  4259 | D:5      | Killed Prince Ribbit
  4259 | D:5      | Reached XP level 9. HP: 40/92 MP: 7/9
  4570 | D:6      | Found a glowing golden altar of the Shining One.
  4570 | D:6      | Noticed an angel
  4571 | D:6      | Found Kloiggo's Hallowed Reliquary.
  4578 | D:6      | Bought a potion of curing for 42 gold pieces
  4641 | D:6      | Found Quniapos' Food Emporium.
  4708 | D:6      | Got a warped zirconium amulet
  4755 | D:6      | Found a sacrificial altar of Ru.
  4881 | D:6      | Reached skill level 9 in Unarmed Combat
  5289 | D:6      | Found a shadowy altar of Dithmenos.
  5294 | D:6      | Found a glowing silver altar of Zin.
  5297 | D:6      | Reached skill level 5 in Evocations
  5337 | D:6      | Found a deep blue altar of Sif Muna.
  5450 | D:7      | Found a white marble altar of Elyvilon.
  5878 | D:7      | Noticed Duvessa
  5878 | D:7      | Noticed Dowan
  5888 | D:7      | Killed Duvessa
  5896 | D:7      | Killed Dowan
  5957 | D:7      | Noticed Menkaure
  5961 | D:7      | Killed Menkaure
  6137 | D:7      | Noticed Edmund
  6141 | D:7      | Killed Edmund
  6219 | D:7      | Reached XP level 10. HP: 78/104 MP: 14/14
  6781 | D:8      | Reached skill level 10 in Unarmed Combat
  6802 | D:8      | Identified the amulet "Kivesm" {+Fly Regen+ Int-3 SInv} (You found it on level 6 of the Dungeon)
  7033 | D:8      | Noticed a moth of wrath
  7036 | D:8      | Found a bloodstained altar of Trog.
  7546 | D:8      | Received a gift from Pakellas
  8403 | D:9      | Found a shimmering altar of Xom.
  8435 | D:9      | Identified a +8 rod of clouds (12/12) (Pakellas gifted it to you on level 8 of the Dungeon)
  8696 | D:10     | Entered Level 10 of the Dungeon
  8777 | D:10     | Reached XP level 11. HP: 63/113 MP: 18/18
  8851 | D:10     | Noticed a hill giant
  8859 | D:10     | Killed a hill giant
  9349 | D:10     | Noticed an orc knight
  9367 | D:10     | Killed an orc knight
  9373 | D:10     | Noticed an orc sorcerer
  9374 | D:10     | Noticed an orc knight
  9385 | D:10     | Killed an orc sorcerer
  9392 | D:10     | Killed an orc knight
  9392 | D:10     | Reached skill level 11 in Unarmed Combat
  9511 | D:10     | Noticed an orc knight
  9520 | D:10     | Killed an orc knight
  9626 | D:10     | Noticed an orc knight
  9651 | D:10     | Killed an orc knight
 10118 | D:10     | Reached skill level 10 in Evocations
 10305 | D:10     | Noticed a hill giant
 10313 | D:10     | Killed a hill giant
 10674 | D:11     | Reached XP level 12. HP: 119/124 MP: 22/22
 10716 | D:11     | Found a staircase to the Lair.
 10723 | D:11     | Acquired Pakellas' fourth power
 10999 | D:11     | Noticed a hill giant
 11017 | D:11     | Received a gift from Pakellas
 11019 | D:11     | Killed a hill giant
 11097 | D:11     | Identified a +9 rod of destruction (14/14) (Pakellas gifted it to you on level 11 of the Dungeon)
 11533 | Lair:1   | Entered Level 1 of the Lair of Beasts
 11731 | Lair:1   | Found a dark tunnel.
 11761 | Lair:1   | Reached skill level 10 in Fighting
 11762 | Lair:1   | Reached skill level 12 in Unarmed Combat
 11816 | Volcano  | Entered a volcano
 12275 | Volcano  | Found a burning altar of Makhleb.
 12275 | Volcano  | Noticed a fire dragon
 12280 | Volcano  | Killed a fire dragon
 13246 | Lair:2   | Noticed a five-headed hydra
 13644 | Lair:2   | Killed a five-headed hydra
 13644 | Lair:2   | Reached XP level 13. HP: 74/135 MP: 24/24
 14298 | Lair:3   | Found a staircase to the Shoals.
 14513 | Lair:3   | Received a gift from Pakellas
 15100 | Lair:4   | Reached skill level 13 in Unarmed Combat
 16030 | Lair:5   | Found a staircase to the Snake Pit.
 16043 | Snake:1  | Entered Level 1 of the Snake Pit
 16749 | Snake:4  | Reached XP level 14. HP: 101/146 MP: 26/26
 17282 | Snake:5  | Entered Level 5 of the Snake Pit
 17282 | Snake:5  | Noticed a greater naga
 17282 | Snake:5  | Noticed a greater naga
 17282 | Snake:5  | Noticed a greater naga
 17282 | Snake:5  | Noticed a greater naga
 17282 | Snake:5  | Noticed a greater naga
 17285 | Snake:5  | Got a serpentine rune of Zot
 17297 | Snake:5  | HP: 5/146 [shock serpent/bolt of electricity (34)]
 18117 | Snake:4  | Reached skill level 14 in Unarmed Combat
 18714 | Snake:2  | Got an ichor-stained mace
 18715 | Snake:2  | Identified the +1 mace of Supply {freeze, +Blink +Fly} (You found it on level 2 of the Snake Pit)
 19737 | Lair:6   | Received a gift from Pakellas
 20645 | Lair:6   | Got a crude trident
 20646 | Lair:6   | Identified the cursed +3 trident "Evotem" {drain, rPois+ Str+2 Int+4 Dex+3} (You found it on level 6 of the Lair of Beasts)
 21316 | Lair:7   | Reached XP level 15. HP: 140/158 MP: 24/29
 21605 | Lair:7   | HP: 7/158 [blink frog[a shadow trap] (10)]
 21610 | Lair:7   | HP: 7/158 [poisoned by a spiny frog]
 22242 | Lair:8   | Entered Level 8 of the Lair of Beasts
 22525 | Lair:8   | Found a viscous altar of Jiyva.
 22526 | Lair:8   | Found a staircase to the Slime Pits.
 23489 | Lair:8   | Reached skill level 15 in Evocations
 23633 | Lair:8   | Identified a +2 rod of the swarm (9/9) (You found it on level 8 of the Lair of Beasts)
 24272 | Shoals:1 | Entered Level 1 of the Shoals
 24300 | Shoals:1 | Received a gift from Pakellas
 24324 | Shoals:1 | Reached skill level 15 in Unarmed Combat
 24838 | D:12     | Found Xitaigor's Antique Armour Boutique.
 24999 | D:12     | Found a staircase to the Orcish Mines.
 25107 | Orc:1    | Entered Level 1 of the Orcish Mines
 25598 | Orc:2    | Found Kuaschust's Food Boutique.
 25770 | Orc:3    | Paralysed by an orc sorcerer for 2 turns
 26039 | Orc:4    | Entered Level 4 of the Orcish Mines
 26225 | Orc:4    | Found Ufoafal's Distillery.
 26227 | Orc:4    | Found Cuisuit's General Store.
 26341 | Orc:4    | Bought a potion of cure mutation for 490 gold pieces
 26422 | Orc:4    | Received a gift from Pakellas
 26469 | Orc:4    | Found a staircase to the Elven Halls.
 27342 | Orc:4    | Reached XP level 16. HP: 127/169 MP: 24/30
 27491 | Orc:4    | Found Ilutzoat's Antique Weapon Shop.
 27491 | Orc:4    | Found Gauc's Gadget Boutique.
 27491 | Orc:4    | Found a one-way gate leading to the halls of Pandemonium.
 27565 | Orc:4    | Found a roughly hewn altar of Beogh.
 28733 | D:13     | Found a gate to the Vaults.
 29089 | D:14     | Noticed Kirke
 29120 | Vaults:1 | Entered Level 1 of the Vaults
 29182 | Vaults:1 | Reached skill level 16 in Evocations
 29607 | Vaults:1 | Received a gift from Pakellas
 29937 | Vaults:1 | Identified a +5 rod of inaccuracy (13/13) (Pakellas gifted it to you on level 1 of the Vaults)
 30846 | Vaults:1 | Gained mutation: Your muscles are strong. (Str +2) [potion of beneficial mutation]
 30847 | Vaults:1 | Gained mutation: You are agile. (Dex +2) [potion of beneficial mutation]
 30848 | Vaults:1 | Gained mutation: Your system is resistant to poisons. [potion of beneficial mutation]
 31023 | Vaults:1 | HP: 3/171 [boulder beetle (30)]
 31027 | Vaults:1 | HP: 1/171 [cloud of flame (5)]
 31027 | Vaults:1 | Mangled by a vampire mosquito

Action                   |  1- 3 |  4- 6 |  7- 9 | 10-12 | 13-15 | 16-18 || total
-------------------------+-------+-------+-------+-------+-------+-------++-------
Melee: Unarmed           |   102 |   169 |   394 |   786 |  1049 |   293 ||  2793
       Spear             |       |       |    61 |       |       |       ||    61
Throw: Large rock        |       |       |       |       |    11 |     1 ||    12
Invok: Minor Device Surg |       |       |     1 |       |     1 |     1 ||     3
       Major Device Surg |       |       |       |     1 |     4 |     1 ||     6
       Quick Charge      |       |       |       |       |     3 |     1 ||     4
       Device Surge      |       |       |       |       |     3 |     1 ||     4
 Abil: Evoke Blink       |       |       |       |       |     4 |     3 ||     7
       Evoke Teleport Co |       |       |       |       |     1 |       ||     1
       Evoke Flight      |       |       |       |       |     2 |       ||     2
Evoke: Wand              |       |       |    13 |     8 |    18 |     2 ||    41
       Rod               |       |       |       |    49 |   218 |    55 ||   322
       Sack of spiders   |       |       |       |     2 |     1 |       ||     3
       Deck              |       |       |       |       |     1 |       ||     1
       Box of beasts     |       |       |       |       |     1 |     1 ||     2
  Use: Potion            |       |     2 |       |     1 |    11 |     3 ||    17
       Scroll            |       |       |    10 |    31 |    17 |     2 ||    60
 Stab: Sleeping          |       |     1 |     3 |     2 |       |       ||     6
       Confused          |       |       |       |     4 |       |       ||     4
       Distracted        |       |       |       |     2 |       |     1 ||     3
  Eat: Chunk             |    10 |    13 |    25 |    71 |   165 |    39 ||   323
       Bread ration      |       |       |     1 |       |     2 |     1 ||     4
       Fruit             |       |       |     1 |       |     5 |       ||     6
       Meat ration       |       |       |       |     3 |     1 |       ||     4
       Royal jelly       |       |       |       |     2 |       |       ||     2
       Pizza             |       |       |       |     1 |     3 |     1 ||     5
       Beef jerky        |       |       |       |       |     1 |       ||     1
